 Dungeon Crawl Stone Soup version 0.21.1-1-g345015f (webtiles) character file.

543 sking99 the Cleaver (level 7, -7/63 HPs)
             Began as a Hill Orc Monk on June 28, 2018.
             Was a Follower of Uskayaw.
             Mangled by an ogre
             ... wielding a +0 giant spiked club
              (23 damage)
             ... on level 4 of the Dungeon.
             The game lasted 00:12:36 (4562 turns).

sking99 the Cleaver (Hill Orc Monk)                 Turns: 4562, Time: 00:12:37

Health: -7/63      AC:  9    Str: 15    XL:     7   Next: 27%
Magic:  4/8        EV: 11    Int: 10    God:    Uskayaw [*.....]
Gold:   211        SH:  0    Dex: 14    Spells: 6/6 levels left

rFire    . . .     SeeInvis .   w - +0 battleaxe
rCold    . . .     Gourm    +   (shield currently unavailable)
rNeg     . . .     Faith    .   f - +0 ring mail
rPois    +         Spirit   .   m - +0 helmet
rElec    .         Reflect  .   (no cloak)
rCorr    .         Harm     .   h - +2 pair of gloves
MR       .....                  (no boots)
Stlth    +.........             B - amulet of the gourmand
HPRegen  0.20/turn              r - ring of poison resistance
MPRegen  0.11/turn              (no ring)

@: no status effects
A: no striking features
a: Stomp, Renounce Religion


You were on level 4 of the Dungeon.
You worshipped Uskayaw.
Uskayaw was noncommittal.
You were very hungry.

You visited 1 branch of the dungeon, and saw 4 of its levels.

You collected 211 gold pieces.

Inventory:

Hand Weapons
 a - a +0 hand axe
 w - a +0 battleaxe (weapon)
Armour
 b - a +0 robe
 f - a +0 ring mail (worn)
 h - a +2 pair of gloves (worn)
 m - a +0 helmet (worn)
Jewellery
 r - a ring of poison resistance (left hand)
 B - an amulet of the gourmand (around neck)
Wands
 x - a wand of digging (11)
Scrolls
 d - 2 scrolls of amnesia
 e - 2 scrolls of remove curse
 g - 6 scrolls of teleportation
 k - a scroll of identify
 o - a scroll of blinking
 q - a scroll of fog {unknown}
 u - a scroll of random uselessness
Potions
 i - a potion of brilliance {unknown}
 j - a potion of ambrosia {unknown}
 l - 3 potions of curing
 n - 2 potions of mutation
 p - 2 potions of berserk rage {unknown}
 s - a potion of might {unknown}
 t - 2 potions of lignification {unknown}
 v - a potion of haste {unknown}
 z - a potion of heal wounds {unknown}
Books
 y - a book of Minor Magic

   Spells                             Type                      Level
   a - Magic Dart                     Conjuration                  1
   b - Blink                          Translocation                2
   c - Call Imp                       Summoning                    2
   d - Slow                           Hexes                        2
   e - Conjure Flame                  Conjuration/Fire             3
   f - Mephitic Cloud                 Conjuration/Poison/Air       3
Comestibles
 c - 9 rations


   Skills:
 + Level 6.2 Fighting
 * Level 8.9 Axes
 - Level 2.4 Dodging
 - Level 1.5 Stealth
 + Level 1.7 Invocations


You had 6 spell levels left.
You didn't know any spells.

Dungeon Overview and Level Annotations

Branches:
Dungeon (4/15)
 Temple: D:4-7

Altars:
Gozag
Ru
Uskayaw


Message History

The ogre is heavily wounded.
The ogre hits you with a giant spiked club!
You hit the ogre.
The ogre is severely wounded.
The ogre hits you with a giant spiked club!!
* * * LOW HITPOINT WARNING * * *
You can now pass through a line of other dancers.
Aiming: Line Pass
Press: ? - help, Dir - move target cursor The ogre appears confused.
You feel somewhat more hungry.
You can no longer pass through a line of other dancers.
You catch the helpless ogre completely off-guard!
You hit the ogre.
The ogre is severely wounded.
You are feeling very hungry.
You hit the ogre.
The ogre is almost dead.
The ogre seems less confused.
The ogre hits you with a giant spiked club!!
You die...

#.#
#........######..#
#.# #.........#
#..# #.#
#.........# #..#
#.# #......##.##
#..# #.#
######.##..# #..#
#.# #.###.####..#
#.# #...........#
#.# #######.####.##
#.## #..@O...# #.#
#..# #.####### #.#*
##.# #.# #..* #.#
#(# ##.* ####.# #.#
*.# ##....# #.# *.#
#.....######.#*****
*,*
#.............,,,,*
*,*
#.....#......#***,*
*,*


You could see an ogre.

Vanquished Creatures
  The ghost of theblackcape the Covert, an amateur SpAs (D:4)
  An ogre (D:4)
  A big kobold (D:4)
  A centaur zombie (D:3)
  A hound (D:4)
  Terence (D:2)
  A worker ant (D:4)
  4 adders
  4 worms
  2 dart slugs
  7 leopard geckos
  2 orcs (D:3)
  2 giant cockroaches
  8 goblins
  10 hobgoblins
  4 jackals
  A quokka (D:4)
  A ball python zombie (D:2)
  10 bats
  2 frilled lizards
  8 kobolds
  13 rats
85 creatures vanquished.

Vanquished Creatures (others)
  4 toadstools (D:1)
4 creatures vanquished.

Grand Total: 89 creatures vanquished

Notes
Turn   | Place    | Note
-------+----------+-------------------------------------------
     0 | D:1      | sking99 the Hill Orc Monk began the quest for the Orb.
     0 | D:1      | Reached XP level 1. HP: 19/19 MP: 1/1
   357 | D:1      | Reached XP level 2. HP: 27/27 MP: 2/2
   692 | D:1      | Reached skill level 5 in Axes
   762 | D:1      | Reached XP level 3. HP: 33/33 MP: 3/3
  1561 | D:2      | Noticed Terence
  1585 | D:2      | Killed Terence
  1585 | D:2      | Reached XP level 4. HP: 24/41 MP: 4/4
  1820 | D:2      | Reached skill level 6 in Axes
  2453 | D:3      | Found an opulent altar of Gozag.
  2462 | D:3      | Reached skill level 5 in Fighting
  2462 | D:3      | Reached XP level 5. HP: 30/48 MP: 5/5
  3491 | D:4      | Found a sacrificial altar of Ru.
  3575 | D:4      | Found a hide-covered altar of Uskayaw.
  3601 | D:4      | Became a worshipper of Uskayaw the Reveler
  3601 | D:4      | Reached * piety under Uskayaw
  3646 | D:4      | Reached skill level 7 in Axes
  3679 | D:4      | Reached ** piety under Uskayaw
  3747 | D:4      | Noticed an ogre
  3755 | D:4      | Noticed a big kobold
  3760 | D:4      | Reached *** piety under Uskayaw
  3761 | D:4      | Killed an ogre
  3761 | D:4      | Reached XP level 6. HP: 21/56 MP: 1/6
  3762 | D:4      | Reached **** piety under Uskayaw
  3766 | D:4      | Reached skill level 8 in Axes
  3767 | D:4      | Reached ***** piety under Uskayaw
  4113 | D:4      | Noticed theblackcape's ghost (amateur SpAs)
  4236 | D:4      | Killed theblackcape's ghost
  4236 | D:4      | Reached skill level 1 in Invocations
  4236 | D:4      | Reached XP level 7. HP: 26/63 MP: 6/8
  4562 | D:4      | Mangled by an ogre

Skill      XL: |  1  2  3  4  5  6 |
---------------+-------------------+-----
Fighting       | 4 5 6 |  6.2
Axes           | 5 6 7 8 |  8.9
Invocations    | 1 |  1.7
Dodging        | |  2.4
Stealth        | |  1.5

Action                   |  1- 3 |  4- 6 |  7- 9 || total
-------------------------+-------+-------+-------++-------
Melee: Hand axe          |   120 |   158 |       ||   278
       Battleaxe         |       |   157 |    11 ||   168
Invok: Line Pass         |       |     1 |     1 ||     2
       Stomp             |       |     1 |       ||     1
  Use: Scroll            |       |     9 |       ||     9
 Stab: Sleeping          |     1 |       |       ||     1
       Paralysed         |       |     5 |       ||     5
       Confused          |       |       |     1 ||     1
  Eat: Chunk             |     2 |     9 |     1 ||    12
Armor: Robe              |    47 |       |       ||    47
       Ring mail         |     3 |   169 |     1 ||   173
Dodge: Dodged            |    99 |   178 |     4 ||   281
